 Dungeon Crawl Stone Soup version 0.28.0-53-g5a82cb258f (webtiles) character file.

Game seed: 10743647414370938048

817 Sin92 the Skirmisher (level 7, -3/45 (55) HPs)
             Began as a Demonspawn Fighter on June 28, 2022.
             Slain by a kobold brigand
             ... wielding a +2 dagger of draining
              (6 damage)
             ... in a sewer.
             The game lasted 00:07:36 (4525 turns).

Sin92 the Skirmisher (Demonspawn Fighter)           Turns: 4525, Time: 00:07:37

HP:   -3/45 (55)    AC:  8    Str: 16    XL:     7   Next: 62%
MP:   7/7           EV: 10    Int: 10    God:
Gold: 214           SH:  5    Dex: 16    Spells: 6/6 levels left

rFire   + . .      SeeInvis .   h - +4 falchion
rCold   . . .      Faith    .   c - +0 buckler
rNeg    . . .      Spirit   .   b - +0 scale mail
rPois   .          Reflect  .   (no helmet)
rElec   .          Harm     .   (no cloak)
rCorr   .          Rampage  .   (no gloves)
Will    .....                   u - +0 pair of boots
Stlth   +.........              m - amulet of the acrobat
HPRegen 0.15/turn               q - ring of protection from fire
MPRegen 0.10/turn               (no ring)

@: heavily drained, very slow
A: thin skeletal structure 1, demonic guardian 1, powered by pain 1
a: no special abilities


You were in a sewer.
You visited 1 branch of the dungeon, and saw 5 of its levels.
You also visited: Sewer.

You collected 214 gold pieces.

Inventory:

Hand Weapons
 a - a +0 flail
 h - a +4 falchion (weapon)
Armour
 b - a +0 scale mail (worn)
 c - a +0 buckler (worn)
 u - a +0 pair of boots (worn)
Jewellery
 m - an amulet of the acrobat (around neck)
 o - a ring of flight
 q - a ring of protection from fire (left hand)
Scrolls
 k - 4 scrolls of identify
 s - a scroll of amnesia
 t - a scroll of teleportation
Potions
 d - 3 potions of might
 e - a potion of attraction {unknown}
 f - 2 potions of curing
 g - a potion of mutation
 i - a potion of degeneration {unknown}
 j - a potion of flight {unknown}
 l - a potion of haste {unknown}
 n - a potion of berserk rage {unknown}
 p - a potion of ambrosia {unknown}
 r - a potion of lignification {unknown}


   Skills:
 + Level 4.4 Fighting
 * Level 3.9 Long Blades
 - Level 3.1 Maces & Flails
 + Level 4.0 Armour
 + Level 2.7 Dodging
 + Level 4.0 Shields


You had 6 spell levels left.
You didn't know any spells.
Your spell library contained the following spells:

 Spells                   Type           Power      Damage    Failure   Level
 Foxfire                  Conj/Fire      0%         2x1d4     86%         1
 Sublimation of Blood     Necr           0%         N/A       95%         2
 Conjure Flame            Conj/Fire      0%         6-21      99%         3
 Inner Flame              Hex/Fire       0%         N/A       99%         3
 Flame Wave               Conj/Fire      0%         2d4       100%        4
 Petrify                  Tmut/Erth      0%         N/A       100%        4
 Irradiate                Conj/Tmut      0%         3d13      100%        5


Dungeon Overview and Level Annotations

Branches:
Dungeon (5/15)              Sewer (1/1)
 Temple: D:4-7

Altars:


Innate Abilities, Weirdness & Mutations

You have a somewhat thin skeletal structure. (Dex +2, Stealth+)
A weak demonic guardian rushes to your aid.
You sometimes gain a little power by taking damage.


Message History

The kobold brigand struggles to resist.
Your unstable footing causes you to fumble your attack.
The kobold brigand hits your shadow imp with a +2 dagger of draining.
Your shadow imp misses the kobold brigand.
The kobold brigand closely misses you.
You slash the kobold brigand!
The kobold brigand is heavily wounded.
Your shadow imp splashes around in the water.
You block the kobold brigand's attack.
Your shadow imp gestures at the kobold brigand.
The kobold brigand writhes in agony.
Unknown command.
You closely miss the kobold brigand.
The kobold brigand is heavily wounded.
You block the kobold brigand's attack.
Your shadow imp barely misses the kobold brigand.
The kobold brigand splashes around in the water.
Your shadow imp closely misses the kobold brigand.
You hit the kobold brigand.
The kobold brigand is severely wounded.
Your shadow imp disappears in a puff of smoke!
The kobold brigand closely misses you.
The kobold brigand hits you with a +2 dagger of draining.
* * * LOW HITPOINT WARNING * * *
You feel drained.
* * * LOW HITPOINT WARNING * * *
Your unstable footing causes you to fumble your attack.
You feel yourself speed up.
The kobold brigand splashes around in the water.
Your unstable footing causes you to fumble your attack.
You block the kobold brigand's attack.
Your unstable footing causes you to fumble your attack.
The kobold brigand closely misses you.
The kobold brigand hits you with a +2 dagger of draining!
* * * LOW HITPOINT WARNING * * *
You feel drained.
You hit the kobold brigand.
The kobold brigand is severely wounded.
The kobold brigand hits you with a +2 dagger of draining.
You die...

####### .. #####≈)≈≈.#
≈.≈ #######≈≈≈≈≈#####
.≈# ##≈≈≈.≈≈≈###@K≈≈.#
≈# #.≈≈≈≈≈≈.# #######
≈####.≈≈≈≈...###.)≈≈.#
..##≈≈≈≈####≈.≈≈≈#####
....≈≈≈## #####≈†≈≈.#
≈≈....## #######
≈.≈≈≈≈# ..≈.≈≈#
.≈..≈≈#


You could see a kobold brigand.

Vanquished Creatures
  A phantom (D:4)
  3 kobold brigands (Sewer)
  Jessica (D:3)
  Terence (D:3)
  8 gnolls (D:4)
  5 adders
  A river rat (Sewer)
  5 worms
  3 dart slugs
  10 endoplasms
  6 giant cockroaches
  5 goblins
  10 hobgoblins
  A jackal (D:2)
  3 quokkas (D:3)
  10 ball pythons
  7 bats
  2 frilled lizards (D:1)
  7 kobolds
  9 rats
98 creatures vanquished.

Vanquished Creatures (collateral kills)
  2 ogres (D:5)
  A centaur (D:3)
3 creatures vanquished.

Vanquished Creatures (others)
  5 plants (D:2)
5 creatures vanquished.

Grand Total: 106 creatures vanquished

Notes
Turn   | Place    | Note
-------+----------+-------------------------------------------
     0 | D:1      | Sin92 the Demonspawn Fighter began the quest for the Orb.
     0 | D:1      | Reached XP level 1. HP: 18/18 MP: 1/1
     0 | D:1      | Noticed a tentacled monstrosity
     0 | D:1      | Noticed an ice dragon
     1 | D:1      | Noticed a shadow dragon
     5 | D:1      | Noticed a white draconian
     9 | D:1      | Noticed an orb of fire
    11 | D:1      | Noticed an orb of fire
    11 | D:1      | Noticed an orb of fire
    13 | D:1      | Noticed a large abomination
    15 | D:1      | Noticed an iron dragon
    17 | D:1      | Noticed an ice dragon
    17 | D:1      | Noticed a large abomination
    19 | D:1      | Noticed a shadow dragon
    19 | D:1      | Noticed an orb of fire
    21 | D:1      | Noticed a tentacled monstrosity
   165 | D:1      | Gained mutation: You have a somewhat thin skeletal
                  | structure. (Dex +2, Stealth+) [demonic ancestry]
   165 | D:1      | Reached XP level 2. HP: 24/24 MP: 2/2
   667 | D:2      | Gained mutation: You sometimes gain a little power by
                  | taking damage. [demonic ancestry]
   667 | D:2      | Reached XP level 3. HP: 18/29 MP: 3/3
   674 | D:2      | Reached skill level 1 in Dodging
  1437 | D:2      | Reached XP level 4. HP: 35/35 MP: 4/4
  1787 | D:3      | Identified the +0 ring mail of Dice, Bag, and Bottle
                  | {Int+4}
  1871 | D:3      | Noticed Jessica
  1883 | D:3      | Killed Jessica
  1899 | D:3      | Found a faded altar of an unknown god.
  2108 | D:3      | Noticed Terence
  2112 | D:3      | Killed Terence
  2154 | D:3      | Gained mutation: A weak demonic guardian rushes to your
                  | aid. [demonic ancestry]
  2154 | D:3      | Reached XP level 5. HP: 41/41 MP: 5/5
  2352 | D:3      | Noticed a centaur
  2361 | D:3      | Killed a centaur
  2914 | D:4      | Reached XP level 6. HP: 48/48 MP: 6/6
  3387 | D:5      | Entered Level 5 of the Dungeon
  3397 | D:5      | Reached skill level 1 in Long Blades
  3434 | D:5      | Found a glowing drain.
  3463 | D:5      | Reached XP level 7. HP: 8/54 MP: 7/7
  3471 | Sewer    | Entered a sewer
  4525 | Sewer    | Slain by a kobold brigand

Illustrated notes

Levels and vault maps discovered:
D:1:      shiori_arrival_whats_in_store_for_you, layout_rooms, minmay_3d_cube
D:2:      layout_loops_ring, serial_forest, infiniplex_forest_straight_1,
          infiniplex_forest_straight_2, infiniplex_forest_clump_long,
          infiniplex_forest_clump_small, infiniplex_forest_straight_2,
          infiniplex_forest_straight_1, minmay_pentomino_pile
D:3:      layout_basic, dreamdust_ecumenical_altar_angels_and_demons,
          uniq_jessica, uniq_terence
D:4:      layout_cave_pools
D:5:      layout_loops_ring, mainiacjoe_overflow_alcove_1,
          cheibrodos_sewer_entry_drain
Sewer:    sewer_co_tree

Skill      XL: |  1  2  3  4  5  6  7 |
---------------+----------------------+-----
Maces & Flails | 2 3 |  3.1
Armour         | 3 4 |  4.0
Shields        | 3 4 |  4.0
Dodging        | 1 2 |  2.7
Fighting       | 4 |  4.4
Long Blades    | 2 3 |  3.9

Action                   |  1- 3 |  4- 6 |  7- 9 || total
-------------------------+-------+-------+-------++-------
Melee: Flail             |    50 |       |       ||    50
       Falchion          |    59 |   116 |   107 ||   282
  Use: Scroll            |     2 |     7 |       ||     9
       Potion            |       |     1 |     2 ||     3
 Stab: Sleeping          |     1 |       |       ||     1
Armor: Scale mail        |    50 |    36 |    24 ||   110
Dodge: Dodged            |    35 |    90 |    59 ||   184
Block: Buckler           |    23 |    43 |    31 ||    97
